 Dungeon Crawl Stone Soup version 0.29-a0-643-ga013cefcf8 (webtiles) character file.

Game seed: 12663473411747450627

124338 ultragoat the Bludgeoner (level 16, -12/145 HPs)
             Began as a Minotaur Abyssal Knight on June 5, 2022.
             Was the Champion of Lugonu.
             Mangled by a tyrant leech (37 damage)
             ... called by a spriggan druid
             ... on level 1 of the Swamp on June 20, 2022.
             The game lasted 04:05:04 (39122 turns).

ultragoat the Bludgeoner (Minotaur Abyssal Knight) Turns: 39122, Time: 04:05:05

Health: -12/145    AC: 25    Str: 21    XL:     16   Next: 39%
Magic:  22/22      EV: 12    Int:  6    God:    Lugonu [******]
Gold:   2657       SH: 18    Dex: 18    Spells: 15/15 levels left

rFire   + + .      SeeInvis .   l - +7 whip "Rummage" {drain, rF+ rC+}
rCold   + + .      Faith    .   k - +0 kite shield
rNeg    + + +      Spirit   .   X - +3 plate armour {rF+}
rPois   +          Reflect  +   (helmet restricted)
rElec   .          Harm     .   b - +1 cloak
rCorr   .          Rampage  ∞   R - +2 pair of gloves
Will    +....                   a - +3 pair of seven-league boots {Rampage+∞}
Stlth   ..........              j - amulet of the Duke {Reflect rC++ rN++ Int-3 SH+5}
HPRegen 0.34/turn               Z - ring of Immorality {rPois rC- rN+++ Dex+4 Slay+4}
MPRegen 0.18/turn               w - +4 ring of protection

@: about to teleport, corroded, very slow
A: horns 2, retaliatory headbutt
a: Renounce Religion, Depart the Abyss, Bend Space, Banish, Corrupt, Enter the
Abyss, Brand Weapon With Distortion


You were on level 1 of the Swamp.
You worshipped Lugonu.
Lugonu was exalted by your worship.
You visited 4 branches of the dungeon, and saw 24 of its levels.
You visited the Abyss 2 times.
You also visited: Ossuary, Bailey and Gauntlet.

You collected 3361 gold pieces.
You spent 704 gold pieces at shops.

Inventory:

Hand Weapons
 l - the +7 whip "Rummage" (weapon) {drain, rF+ rC+}
   (You took it off an orc on level 3 of the Dungeon)

   A truly terrible weapon, it drains the life of any living foe it strikes.
   rF:        It protects you from fire.
   rC:        It protects you from cold.
 B - a +4 triple crossbow of electrocution
 E - the +7 war axe of the Coward {vorpal, rElec}
   (You found it in a bailey)

   It inflicts extra damage upon your enemies.
   rElec:     It insulates you from electricity.
 W - a +2 flail of holy wrath
Missiles
 J - 16 javelins (quivered)
Armour
 a - the +3 pair of seven-league boots (worn) {Rampage+∞}
   (You acquired it in an ossuary)

   Its wearer moves as far as possible in that direction when moving towards
   enemies.
 b - a +1 cloak (worn)
 k - a +0 kite shield (worn)
 I - +0 ice dragon scales
 R - a +2 pair of gloves (worn)
 X - a +3 plate armour of fire resistance (worn)
Jewellery
 j - the amulet of the Duke (around neck) {Reflect rC++ rN++ Int-3 SH+5}
   (You bought it in a shop on level 2 of the Orcish Mines)

   [amulet of reflection]

   It reflects blocked missile attacks.
   Int:       It affects your intelligence (-3).
   rC:        It greatly protects you from cold.
   rN:        It greatly protects you from negative energy.
   SH:        It affects your SH (+5).
 v - a +6 ring of dexterity
 w - a +4 ring of protection (right hand)
 z - the ring "Qaingoi" {rF++ rN+ Str-4 SInv}
   (You took it off a wight on level 7 of the Dungeon)

   [ring of positive energy]

   Str:       It affects your strength (-4).
   rF:        It greatly protects you from fire.
   rN:        It protects you from negative energy.
   SInv:      It lets you see invisible.
 D - a ring of protection from fire
 F - a ring of resist corrosion
 K - a ring of flight
 M - a ring of protection from cold
 O - a +6 ring of dexterity
 P - a ring of see invisible
 Y - the ring of Scepticism {Drain Fly rElec rC+ Dex+2}
   (You found it in a Gauntlet)

   [ring of flight]

   Dex:       It affects your dexterity (+2).
   rC:        It protects you from cold.
   rElec:     It insulates you from electricity.
   Fly:       It grants you flight.
   Drain:     It drains your maximum health when unequipped.
 Z - the ring of Immorality (left hand) {rPois rC- rN+++ Dex+4 Slay+4}
   (You found it on level 13 of the Dungeon)

   [ring of slaying]

   Dex:       It affects your dexterity (+4).
   Slay:      It affects your accuracy & damage with ranged weapons and melee
   (+4).
   rC:        It makes you vulnerable to cold.
   rPois:     It protects you from poison.
   rN:        It renders you almost immune to negative energy.
Wands
 p - a wand of paralysis (3)
 q - a wand of iceblast (6)
 y - a wand of charming (15)
 A - a wand of flame (58)
 S - a wand of polymorph (4)
 V - a wand of mindburst (24)
Scrolls
 c - a scroll of enchant armour
 d - 6 scrolls of teleportation
 g - 6 scrolls of blinking
 s - 5 scrolls of fear
 u - 2 scrolls of summoning
 x - 7 scrolls of amnesia
 H - 5 scrolls of fog
 L - 4 scrolls of poison
 N - 15 scrolls of identify
 Q - 3 scrolls of magic mapping
 T - a scroll of silence
Potions
 e - 14 potions of brilliance
 f - 9 potions of flight
 h - 8 potions of mutation
 i - 3 potions of cancellation
 m - 2 potions of haste
 o - a potion of resistance {unknown}
 r - 2 potions of heal wounds
 t - 3 potions of magic
 C - 2 potions of curing
 G - 6 potions of invisibility
 U - a potion of berserk rage


   Skills:
 * Level 13.7 Fighting
 - Level 3.7(13.1) Axes
 + Level 19.1(19.3) Maces & Flails
 - Level 5.2 Crossbows
 * Level 9.4 Throwing
 + Level 12.8 Armour
 - Level 13.2 Dodging
 + Level 11.4 Shields
 - Level 10.0 Invocations
 - Level 7.0 Evocations


You had 15 spell levels left.
You didn't know any spells.
Your spell library contained the following spells:

 Spells                   Type           Power      Damage    Failure   Level
 Magic Dart               Conj           0%         1d3       100%        1
 Shock                    Conj/Air       0%         1d3       100%        1
 Sting                    Tmut/Pois      0%         1d3       100%        1
 Summon Small Mammal      Summ           0%         N/A       100%        1
 Blink                    Tloc           0%         N/A       100%        2
 Call Imp                 Summ           0%         N/A       100%        2
 Ensorcelled Hibernation  Hex/Ice        0%         N/A       100%        2
 Poisonous Vapours        Pois/Air       0%         N/A       100%        2
 Searing Ray              Conj           0%         2d4       100%        2
 Call Canine Familiar     Summ           0%         N/A       100%        3
 Confusing Touch          Hex            0%         N/A       100%        3
 Lesser Beckoning         Tloc           0%         N/A       100%        3
 Mephitic Cloud           Conj/Pois/Air  0%         N/A       100%        3
 Spider Form              Tmut/Pois      0%         N/A       100%        3
 Summon Guardian Golem    Hex/Summ       0%         N/A       100%        3
 Swiftness                Air            0%         N/A       100%        3
 Vampiric Draining        Necr           0%         2d6       100%        3
 Airstrike                Air            0%         N/A       100%        4
 Anguish                  Hex/Necr       0%         N/A       100%        4
 Corpse Rot               Necr/Pois/Air  0%         N/A       100%        4
 Dispel Undead            Necr           0%         3d6       100%        4
 Fulminant Prism          Conj/Hex       0%         3d6       100%        4
 Hailstorm                Conj/Ice       0%         3d3       100%        4
 Ice Form                 Ice/Tmut       0%         N/A       100%        4
 Olgreb's Toxic Radiance  Pois           0%         N/A       100%        4
 Blade Hands              Tmut           0%         N/A       100%        5
 Irradiate                Conj/Tmut      0%         3d13      100%        5
 Manifold Assault         Tloc           0%         N/A       100%        5
 Summon Mana Viper        Hex/Summ       0%         N/A       100%        5
 Yara's Violent Unravell  Hex/Tmut       0%         3d3       100%        5
 Death Channel            Necr           0%         N/A       100%        6
 Simulacrum               Ice/Necr       0%         N/A       100%        6
 Summon Cactus Giant      Summ           0%         N/A       100%        6
 Dragon Form              Tmut           0%         N/A       100%        7
 Enfeeble                 Hex            0%         N/A       100%        7


Dungeon Overview and Level Annotations

Branches:
Dungeon (15/15)            Temple (0/1) D:6            Lair (6/6) D:10
  Swamp (1/4) Lair:4        Snake (0/4) Lair:4        Slime (0/5) Lair:5
    Orc (2/2) D:9             Elf (0/3) Orc:2        Vaults (0/5) D:14
 Depths (0/4) D:15        Ossuary (visited)          Bailey (visited)
Gauntlet (visited)

Altars:
Ashenzari
Cheibriados
Dithmenos
Elyvilon
Fedhas
Hepliaklqana
Makhleb
Nemelex Xobeh
Ru
Sif Muna
Trog
Xom
Yredelemnul
Zin
The Shining One
Beogh

Shops:
D:8 *   Orc:2 =[([

Portals:
Trove: D:10 (give 13 scrolls of teleportation)

Annotations:
D:6 corrupted, exclusion: downstairs
D:7 3 runed translucent doors, Kazon's ghost, novice VSFi; erer12's ghost, novice MiFi; sirJeffrey23's ghost, novice HOMo
Abyss:1 Nessos


Innate Abilities, Weirdness & Mutations

You have a pair of horns on your head.
You reflexively headbutt those who attack you in melee.


Message History

You whack the spriggan druid!
With its final breath, the spriggan druid offers up its power to the beasts of the wild!
The tyrant leech seems to grow more fierce.
The goliath frog seems to grow more fierce.
The swamp worm seems to grow more fierce.
You kill the spriggan druid!
Lugonu accepts your kill.
Things that are here:
a +0 vorpal quarterstaff; a +0 robe; a spriggan corpse You enter the shallow water.
Moving in this stuff is going to be slow.
The goliath frog hits you but does no damage.
The swamp worm fires a harpoon shot at you.
The harpoon shot misses you. You block the goliath frog's attack.
The tyrant leech bites you.
The goliath frog attacks as you move away!
The goliath frog hits you!!
You are splashed with acid.
You block the goliath frog's attack. x2
The swamp worm attacks as you move away!
You block the swamp worm's attack.
The swamp worm attacks as you move away!
You block the swamp worm's attack.
You enter the shallow water.
Moving in this stuff is going to be slow.
The swamp worm fires a harpoon shot at you.
The harpoon shot hits you but does no damage.
The goliath frog hits you from afar!! The acid corrodes you!
You are splashed with acid!
The tyrant leech bites you! You block the goliath frog's attack.
The goliath frog hits you from afar!!
* * * LOW HITPOINT WARNING * * *
The acid corrodes you!
You are splashed with acid!
* * * LOW HITPOINT WARNING * * *
You block the swamp worm's attack. The tyrant leech barely misses you.
The tyrant leech attacks as you move away!
The tyrant leech bites you but does no damage.
You block the goliath frog's attack. The swamp worm closely misses you.
As you read the scroll of teleportation, it crumbles to dust.
You feel strangely unstable. You block the goliath frog's attack.
The tyrant leech bites you!!!
You die...

♣♣♣♣ ♣♣♣♣♣ ♣≈.≈♣♣♣♣♣♣♣♣
♣♣♣♣♣♣♣♣≈.≈♣♣♣ .≈≈≈...≈≈≈≈♣♣
♣♣♣≈≈.≈...≈≈..<♣
≈≈≈≈...≈.≈..♣♣♣♣≈.≈§.§§≈≈≈≈≈..♣
^.≈≈≈≈.............§≈≈≈≈≈≈.)[♣♣
♣..≈≈≈≈≈...≈.≈≈..≈§≈≈≈≈....÷♣♣ ♣
≈≈≈§≈≈≈≈≈≈..≈§≈≈≈≈≈≈≈≈≈..♣♣♣≈♣♣♣♣
♣♣≈..≈≈≈≈≈≈≈≈≈≈≈.≈≈≈≈≈≈..♣♣♣....♣
♣♣......≈≈≈≈)...@≈≈≈≈≈..♣♣♣.≈≈≈..
♣≈......≈≈≈≈.♣≈.ww≈≈≈≈≈.♣ ♣≈≈≈≈≈.
(.≈≈≈≈...≈≈≈≈♣..F≈§≈≈..≈♣ ♣.≈≈≈≈≈
≈≈≈≈§≈.♣♣...♣♣♣.≈≈§≈≈♣♣♣♣ ♣≈≈≈≈≈.
≈≈≈≈≈♣♣♣♣♣♣♣♣ ♣♣♣.≈≈..≈♣♣♣♣.)≈≈.≈
≈≈≈≈.♣ ♣♣..≈....≈♣≈..≈≈≈≈≈
..≈♣♣♣♣ ♣≈.≈≈.§≈≈.♣♣..≈≈≈≈.
..♣..≈♣ ♣♣♣♣.≈≈.)≈≈≈..≈♣≈".≈..
≈♣.≈≈≈♣ ♣§....≈♣(≈§≈.....≈..♣♣


You could see a tyrant leech (strong), a goliath frog (strong) and a swamp worm
(strong).

Vanquished Creatures
  Kirke (D:15)
  2 orc warlords
  Azrael (Orc:2)
  A dire elephant (D:15)
  A minotaur (Gauntlet)
  Fannar (D:10)
  A rakshasa (D:14)
  12 hydras
  6 boulder beetles
  An ice dragon (Lair:6)
  A death knight (D:15)
  Harold (D:11)
  A ghost crab (Gauntlet)
  2 catoblepae
  An anaconda (Lair:6)
  10 centaur warriors
  7 two-headed ogres
  A dancing weapon (D:6)
  2 alligators
  A tengu warrior (D:13)
  8 death yaks
  Urug (Lair:6)
  An orc high priest (Orc:1)
  A skeletal warrior (D:14)
  Lodul (D:11)
  2 spriggan druids (Swamp:1)
  2 bog bodies
  2 orc knights
  7 lindwurms
  A necromancer (Gauntlet)
  A wizard (D:14)
  14 ugly things
  A deep elf zephyrmancer (D:14)
  4 deep elf pyromancers
  2 orc sorcerers (Orc:2)
  5 manticores
  3 wolf spiders (D:15)
  8 cyclopes
  6 elephants (Lair:4)
  An elephant (shapeshifter) (Gauntlet)
  5 black mambas
  A will-o-the-wisp (Swamp:1)
  An ice statue (Gauntlet)
  Joseph (D:7)
  5 torpor snails (Lair:6)
  19 cane toads
  A gargoyle (D:12)
  10 komodo dragons
  2 rime drakes
  A yaktaur (D:15)
  A rime drake (shapeshifter) (D:14)
  A freezing wraith (D:15)
  A yaktaur (shapeshifter) (Gauntlet)
  2 ice devils
  3 efreet
  9 trolls
  A bloated husk (Swamp:1)
  12 polar bears
  Grinder (D:4)
  4 tyrant leeches
  7 slime creatures
  10 hornets
  6 blink frogs
  2 raiju (Lair:6)
  A dream sheep (Lair:3)
  2 centaur simulacra
  A culicivora (shapeshifter) (D:15)
  A vampire (D:12)
  3 shadows
  15 flying skulls (Gauntlet)
  2 wraiths
  5 spriggans
  7 wyverns
  3 fire elementals
  A human (shapeshifter) (D:15)
  44 yaks
  2 hogs
  3 steam dragons
  16 vampire mosquitoes
  8 basilisks
  4 swamp worms
  2 nagas (Lair:4)
  2 acid dragons
  9 wargs
  18 water moccasins
  16 hell hounds
  An ice beast (D:6)
  33 orc warriors
  13 black bears
  A sky beast (D:7)
  19 wolves
  A black bear (shapeshifter) (D:14)
  A boggart (D:15)
  6 centaurs
  17 ogres
  4 kobold brigands
  2 gnoll sergeants
  A necrophage (D:5)
  3 scorpions
  14 bullfrogs
  5 wights (D:7)
  3 electric eels
  3 howler monkeys (D:14)
  2 lava snakes (D:13)
  8 hounds
  A human zombie (Ossuary)
  22 orc priests
  2 jellies (D:6)
  15 hell rats
  6 iguanas
  25 orc wizards
  5 mummies
  7 gnolls
  8 adders
  6 river rats (Lair:6)
  2 white imps
  An ufetubus (D:6)
  6 worms
  A dart slug (D:3)
  105 orcs
  5 bats
  8 endoplasms
  3 giant cockroaches
  19 goblins
  13 hobgoblins
  3 quokkas
  7 ball pythons
  5 frilled lizards
  A gnoll zombie (Ossuary)
  2 goblin zombies (Ossuary)
  19 kobolds
  A kobold zombie (D:5)
  2 orc zombies
  7 rats
840 creatures vanquished.

Vanquished Creatures (collateral kills)
  A gnoll zombie (Ossuary)
  A hobgoblin zombie (Ossuary)
  A kobold zombie (Ossuary)
3 creatures vanquished.

Vanquished Creatures (others)
  The ghost of Heh the Slicer, a novice OpBr (D:6)
  A golden eye (shapeshifter) (D:15)
  2 orcs (Orc:2)
  4 foxfires (Swamp:1)
  31 fungi
  95 plants
  4 withered plants (D:7)
138 creatures vanquished.

Grand Total: 981 creatures vanquished

Notes
Turn   | Place    | Note
-------+----------+-------------------------------------------
     0 | Abyss:1  | ultragoat the Minotaur Abyssal Knight began the quest for
                  | the Orb.
     0 | Abyss:1  | Reached XP level 1. HP: 19/19 MP: 1/1
    57 | Abyss:2  | Noticed a small abomination
    61 | Abyss:2  | Noticed a sixfirhy
    62 | Abyss:2  | Noticed a crimson imp
    65 | D:1      | Escaped the Abyss
   212 | D:1      | Reached ** piety under Lugonu
   282 | D:1      | Found a faded altar of an unknown god.
   423 | D:1      | Reached XP level 2. HP: 23/27 MP: 2/2
  1166 | D:2      | Reached XP level 3. HP: 29/33 MP: 3/3
  1614 | D:2      | Reached *** piety under Lugonu
  1770 | D:3      | Reached XP level 4. HP: 40/40 MP: 4/4
  2557 | D:3      | Found a snail-covered altar of Cheibriados.
  2597 | D:3      | Found a sacrificial altar of Ru.
  2649 | D:3      | Found a broken altar of Ashenzari.
  2924 | D:3      | Reached XP level 5. HP: 42/47 MP: 5/5
  3035 | D:3      | Found a shimmering blue altar of Sif Muna.
  3602 | D:3      | Found a shimmering altar of Xom.
  3718 | D:3      | Identified the +7 whip "Rummage" {drain, rF+ rC+}
  3832 | D:4      | Reached **** piety under Lugonu
  3889 | D:4      | Found a bloodstained altar of Trog.
  3897 | D:4      | Identified the +3 animal skin of Valiance {rElec}
  4107 | D:4      | Found a burning altar of Makhleb.
  4184 | D:4      | Reached skill level 1 in Maces & Flails
  4809 | D:5      | Entered Level 5 of the Dungeon
  4810 | D:5      | Noticed Grinder
  4888 | D:4      | Paralysed by Grinder for 2 turns
  4897 | D:4      | Killed Grinder
  4898 | D:4      | Reached skill level 5 in Fighting
  4898 | D:4      | Reached skill level 3 in Maces & Flails
  4898 | D:4      | Reached XP level 6. HP: 28/56 MP: 6/6
  5083 | D:4      | Reached XP level 7. HP: 41/61 MP: 7/7
  5228 | D:5      | Reached skill level 4 in Maces & Flails
  5233 | D:5      | Found a shadowy altar of Dithmenos.
  5237 | D:5      | Reached skill level 5 in Armour
  5329 | D:5      | Found a sand-covered staircase.
  5335 | Ossuary  | Entered an ossuary
  5556 | Ossuary  | Identified a scroll of acquirement
  5556 | Ossuary  | Acquired the +3 pair of seven-league boots {Rampage+∞}
  5556 | Ossuary  | Found the +3 pair of seven-league boots {Rampage+∞}
  5734 | D:5      | Reached skill level 5 in Maces & Flails
  5773 | D:5      | Upgraded the game from 0.29-a0-551-gffc1d7fb78 to
                  | 0.29-a0-559-g359e09b9d1
  5929 | D:5      | Found a basalt altar of Yredelemnul.
  6021 | D:5      | Found a white marble altar of Elyvilon.
  6083 | D:5      | Found a hazy altar of Hepliaklqana.
  6342 | D:6      | Reached XP level 8. HP: 50/70 MP: 9/9
  6491 | D:6      | Found a blossoming altar of Fedhas.
  6540 | D:6      | Reached skill level 6 in Maces & Flails
  6552 | D:6      | Reached skill level 5 in Dodging
  6552 | D:6      | Cast into level 1 of the Abyss (gnoll)
  6596 | Abyss:1  | Noticed an eidolon
  6597 | D:6      | Escaped the Abyss
  6602 | D:6      | Reached skill level 7 in Maces & Flails
  6843 | D:6      | Reached skill level 5 in Invocations
  7048 | D:6      | Reached XP level 9. HP: 76/79 MP: 11/11
  7169 | D:6      | Found a staircase to the Ecumenical Temple.
  7285 | D:6      | You fall into a shaft and drop 1 floor!
  7308 | D:7      | Reached skill level 8 in Maces & Flails
  7342 | D:7      | Noticed Joseph
  7356 | D:7      | Killed Joseph
  7918 | D:7      | Identified the ring "Qaingoi" {rF++ rN+ Str-4 SInv}
  7921 | D:7      | Reached skill level 9 in Maces & Flails
  8034 | D:7      | Noticed a two-headed ogre
  8072 | D:6      | Found a runed translucent door.
  8072 | D:6      | Found a shimmering altar of Xom.
  8072 | D:6      | Noticed Heh's ghost (novice OpBr)
  8073 | D:6      | Noticed a +1 short sword of chaos
  8351 | D:8      | Found Layshinu's Neck Hole.
  8401 | D:8      | Noticed a two-headed ogre
  8413 | D:7      | Found a runed translucent gate.
  8413 | D:7      | Found a runed translucent gate.
  8413 | D:7      | Found a runed translucent gate.
  8536 | D:7      | Found a glowing silver altar of Zin.
  8641 | D:7      | Noticed Kazon's ghost (novice VSFi)
  8641 | D:7      | Noticed erer12's ghost (novice MiFi)
  8641 | D:7      | Noticed sirJeffrey23's ghost (novice HOMo)
  8776 | D:7      | Killed a two-headed ogre
  8777 | D:7      | Reached skill level 10 in Maces & Flails
  8777 | D:7      | Reached XP level 10. HP: 90/90 MP: 12/12
  8848 | D:8      | Killed a two-headed ogre
  9175 | D:8      | Noticed a catoblepas
  9206 | D:8      | Noticed a centaur warrior
  9206 | D:8      | Noticed an eight-headed hydra
  9206 | D:8      | Noticed a cyclops
  9314 | D:8      | Noticed a two-headed ogre
  9863 | D:8      | Found a sparkling altar of Nemelex Xobeh.
  9918 | D:9      | Found a flagged portal.
 10137 | D:9      | Reached ***** piety under Lugonu
 10152 | Bailey   | Entered a bailey
 10441 | Bailey   | Reached skill level 11 in Maces & Flails
 10487 | Bailey   | Noticed a two-headed ogre
 10501 | Bailey   | Killed a two-headed ogre
 10654 | Bailey   | Identified the +7 war axe of the Coward {vorpal, rElec}
 11256 | D:9      | Reached skill level 1 in Throwing
 11396 | D:9      | Found a staircase to the Orcish Mines.
 11459 | D:9      | Reached XP level 11. HP: 99/99 MP: 14/14
 11721 | D:8      | Killed a two-headed ogre
 11722 | D:8      | Reached skill level 10 in Fighting
 11803 | D:8      | Noticed a boulder beetle
 11854 | D:10     | Entered Level 10 of the Dungeon
 12516 | D:10     | Found a staircase to the Lair.
 12591 | D:10     | Found a glowing golden altar of the Shining One.
 12653 | D:10     | Found a portal to a secret trove of treasure.
 12727 | D:10     | Noticed Fannar
 12751 | D:10     | Killed Fannar
 12993 | D:6      | Corrupted D:6
 12993 | D:6      | Noticed a large abomination
 12993 | D:6      | Noticed a sixfirhy
 12993 | D:6      | Noticed a bone dragon
 12996 | D:6      | Killed a +1 short sword of chaos
 13002 | D:6      | Killed Heh's ghost
 13073 | D:6      | Noticed a starcursed mass
 13356 | D:8      | Killed an eight-headed hydra
 13363 | D:8      | Killed a centaur warrior
 13627 | D:8      | Killed a catoblepas
 13742 | D:8      | Killed a boulder beetle
 14049 | Lair:1   | Entered Level 1 of the Lair of Beasts
 14154 | Lair:1   | Reached skill level 12 in Maces & Flails
 14204 | Lair:1   | Noticed a four-headed hydra
 14218 | Lair:1   | Killed a four-headed hydra
 14219 | Lair:1   | Reached XP level 12. HP: 84/110 MP: 16/16
 14532 | Lair:1   | Reached skill level 10 in Armour
 15194 | Lair:2   | Noticed a boulder beetle
 15217 | Lair:2   | Killed a boulder beetle
 15218 | Lair:2   | Reached skill level 5 in Throwing
 15218 | Lair:2   | Reached skill level 10 in Dodging
 15328 | Lair:2   | Reached skill level 13 in Maces & Flails
 16265 | Lair:3   | Got the Almanac of Evil Creation
 16747 | Lair:4   | Reached ****** piety under Lugonu
 16755 | Lair:4   | Noticed a six-headed hydra
 16781 | Lair:4   | Killed a six-headed hydra
 16946 | Lair:4   | Found a staircase to the Snake Pit.
 17006 | Lair:4   | Upgraded the game from 0.29-a0-559-g359e09b9d1 to
                  | 0.29-a0-563-g64e4043184
 17197 | Lair:4   | Reached skill level 14 in Maces & Flails
 17253 | Lair:4   | Reached XP level 13. HP: 108/116 MP: 17/17
 17309 | Lair:4   | Reached skill level 1 in Evocations
 17955 | Lair:4   | Found a staircase to the Swamp.
 18322 | Lair:5   | Reached skill level 1 in Shields
 18410 | Lair:5   | Reached skill level 15 in Maces & Flails
 18820 | Lair:5   | Found a staircase to the Slime Pits.
 19312 | Lair:6   | Entered Level 6 of the Lair of Beasts
 19810 | Lair:6   | Noticed Urug
 19813 | Lair:6   | Reached skill level 5 in Shields
 20036 | Lair:6   | Killed Urug
 21553 | Lair:6   | Noticed Nessos
 21578 | Lair:6   | Paralysed by Nessos for 5 turns
 21585 | Lair:6   | Banished Nessos
 21586 | Lair:6   | Reached XP level 14. HP: 71/120 MP: 14/19
 21587 | Lair:6   | Reached skill level 16 in Maces & Flails
 22872 | Lair:6   | Found a runed translucent door.
 23735 | Lair:6   | Reached skill level 5 in Evocations
 25285 | Lair:6   | Reached skill level 17 in Maces & Flails
 26761 | D:11     | Found a snail-covered altar of Cheibriados.
 26785 | D:11     | Identified the +1 ring mail "Lyfes" {Dex+6}
 26804 | D:11     | Noticed Harold
 26815 | D:11     | Killed Harold
 26912 | D:11     | Noticed Lodul
 28040 | D:12     | Identified the +3 falchion of Paper {protect, *Rage rN+
                  | SInv}
 28410 | D:12     | Found a sparkling altar of Nemelex Xobeh.
 29028 | D:11     | Killed Lodul
 29298 | D:12     | Upgraded the game from 0.29-a0-563-g64e4043184 to
                  | 0.29-a0-577-gafbf2c5d25
 29431 | Orc:1    | Entered Level 1 of the Orcish Mines
 29467 | Orc:1    | Noticed an orc warlord
 29475 | Orc:1    | Reached skill level 1 in Crossbows
 29532 | D:9      | Killed an orc warlord
 29711 | Orc:1    | Reached XP level 15. HP: 122/133 MP: 21/21
 29986 | Orc:2    | Entered Level 2 of the Orcish Mines
 30054 | Orc:2    | Noticed Azrael
 30624 | Orc:2    | Killed Azrael
 31072 | Orc:2    | Noticed an orc warlord
 31124 | Orc:1    | Killed an orc warlord
 31125 | Orc:1    | Reached skill level 18 in Maces & Flails
 31551 | Orc:2    | Found Vogylaq's Antique Weapon Emporium.
 31563 | Orc:2    | Found Napota's Antique Armour Shoppe.
 32033 | Orc:2    | Found a staircase to the Elven Halls.
 32404 | Orc:2    | Found Qoupor's Jewellery Shoppe.
 32427 | Orc:2    | Bought the amulet of the Duke {Reflect rC++ rN++ Int-3
                  | SH+5} for 704 gold pieces
 32605 | Orc:2    | Found Beyhith's Armour Shoppe.
 33164 | D:9      | Upgraded the game from 0.29-a0-577-gafbf2c5d25 to
                  | 0.29-a0-582-ge82337ba6a
 33349 | D:13     | Identified the +0 robe of Anuizo {Fly rC+ rN+ Dex+5}
 33690 | D:13     | Found a gate leading to a gauntlet.
 33699 | Gauntlet | Entered a Gauntlet
 33699 | Gauntlet | Found a transporter.
 33699 | Gauntlet | Found a runed translucent door.
 33702 | Gauntlet | Found a runed translucent door.
 33705 | Gauntlet | Found a transporter.
 33709 | Gauntlet | Found a transporter.
 33717 | Gauntlet | Found a transporter.
 33740 | Gauntlet | Found a transporter.
 33858 | Gauntlet | Found a transporter.
 33858 | Gauntlet | Found a transporter.
 33938 | Gauntlet | Found a transporter.
 33957 | Gauntlet | Found a transporter.
 33957 | Gauntlet | Found a transporter.
 33980 | Gauntlet | Found a transporter.
 33980 | Gauntlet | Found a transporter.
 34113 | Gauntlet | Found a transporter.
 34113 | Gauntlet | Identified the +2 hat "Vyixearch" {*Slow rC++}
 34135 | Gauntlet | Found a transporter.
 34159 | Gauntlet | Reached skill level 10 in Shields
 34235 | Gauntlet | Identified the ring of Scepticism {Drain Fly rElec rC+
                  | Dex+2}
 34461 | D:13     | Reached skill level 5 in Crossbows
 34889 | D:13     | Identified the ring of Immorality {rPois rC- rN+++ Dex+4
                  | Slay+4}
 35055 | D:14     | Reached skill level 10 in Invocations
 35148 | D:14     | Found a blossoming altar of Fedhas.
 36017 | D:14     | Found a gate to the Vaults.
 36244 | D:15     | Entered Level 15 of the Dungeon
 36281 | D:15     | Noticed Kirke
 36315 | D:15     | Killed Kirke
 36400 | D:15     | Reached XP level 16. HP: 132/144 MP: 22/22
 36539 | D:15     | Found a staircase to the Depths.
 36984 | D:15     | Reached skill level 19 in Maces & Flails
 38074 | D:15     | Upgraded the game from 0.29-a0-582-ge82337ba6a to
                  | 0.29-a0-643-ga013cefcf8
 38293 | Swamp:1  | Entered Level 1 of the Swamp
 39122 | Swamp:1  | Mangled by a tyrant leech

Illustrated notes

Levels and vault maps discovered:
D:1:      nzn_arrival_crosshair, layout_basic, basic_ecumenical_altar,
          serial_bayou_pond_b
D:2:      layout_rooms
D:3:      cheibrodos_greedy_goblins, layout_basic, old_standard_altar,
          amcnicky_altar_gilded, led_sif_book, mainiacjoe_overflow_swirl
D:4:      layout_basic, bloody_trog, mainiacjoe_overflow_tiny_flanked,
          minmay_misc_feat_tiny
D:5:      layout_loops_cross, mainiacjoe_overflow_24_doors,
          nicolae_hepliaklqana_hippocampus, lemuel_tele_altar,
          nicolae_elyvilon_peaceful_grove, nicolae_ossuary_entry_giza,
          uniq_grinder
D:6:      kennysheep_six_static_rooms, layout_loops_ring,
          mainiacjoe_overflow_cross_hatched,
          minmay_temple_entry_statues_fountains, ebering_ghost_xom
D:7:      layout_loops_corners, zin_scriptorium, gammafunk_ghost_cemetery,
          uniq_joseph
D:8:      minmay_tri_box, layout_loops_ring, old_standard_altar, minivault_10,
          nicolae_shop_sticking_my_neck_out
D:9:      layout_rooms, david_orc_4, enter_bailey_2
D:10:     layout_loops_ring, nicolae_tso_carved_into_rock, lair_entry_dummy,
          enter_trove_3, uniq_fannar
D:11:     layout_irregular_city, slow_altar_1, uniq_harold, uniq_lodul
D:12:     layout_gridville, portal_ice_cave_demonic_guard,
          nemelex_xobeh_ov_fountains_minmay
D:13:     layout_big_octagon, gauntlet_entry_generic, minmay_lindwurm_lava
D:14:     minmay_razor_zed, layout_rooms, david_vaults_1, fedhas_altar_1,
          drop_trap
D:15:     hangedman_depths_entry_try_elsewhere_first, layout_loops_cross,
          minmay_pinched_square, uniq_kirke
Lair:1:   layout_chaotic_city, minmay_stone_trees_small,
          amcnicky_mini_pool_medium
Lair:2:   layout_regular_city
Lair:3:   nzn_winding_woodlands_small [nzn_winding_woodlands_5x15_pockets,
          nzn_winding_woodlands_center_pierced_h,
          nzn_winding_woodlands_5x15_pool], layout_hall_layers,
          serial_bayou_shore_b
Lair:4:   layout_gridlike, nicolae_swamp_entry_splash_gauntlet,
          guppyfry_snake_entry_garden, grunt_megastairs_4, serial_bayou_shore_b
Lair:5:   layout_cave_pods, slime_dummy, chequers_serial_rivers_room_b
Lair:6:   hangedman_lair_caniforms_friends, layout_cellular_growth, wormcave,
          kennysheep_abandoned_house, serial_bayou_shore_a,
          infiniplex_staircase_pool_2, uniq_urug, uniq_nessos
Swamp:1:  layout_basic_swamp, serial_swamp_ruin, evilmike_swamp_ruin_house_3,
          evilmike_swamp_ruin_house_4, swamp_pool4, uniq_josephine
Orc:1:    layout_caves
Orc:2:    grunt_orc_community_town_hall, layout_caves,
          grunt_orc_community_big_house_1, grunt_orc_community_big_house_2,
          grunt_orc_community_house_2, grunt_orc_community_house_2,
          grunt_orc_community_house_1, grunt_orc_community_house_1,
          grunt_orc_community_house_3, uniq_azrael

Skill      XL: |  1  2  3  4  5  6  7  8  9 10 11 12 13 14 15 16 |
---------------+-------------------------------------------------+-----
Invocations    | 2 3 5 6 7 9 10 | 10.0
Fighting       | 4 5 6 7 8 9 11 12 13 | 13.7
Armour         | 3 4 5 7 9 11 12 | 12.8
Axes           | 3 |  3.7
Dodging        | 2 3 4 5 8 9 11 12 13 | 13.2
Maces & Flails | 3 5 7 10 11 12 14 15 17 18 19 | 19.1
Throwing       | 1 4 6 7 8 9 |  9.4
Evocations     | 4 5 7 |  7.0
Shields        | 6 9 10 11 | 11.4
Crossbows      | 1 5 |  5.2

Action                   |  1- 3 |  4- 6 |  7- 9 | 10-12 | 13-15 | 16-18 || total
-------------------------+-------+-------+-------+-------+-------+-------++-------
Melee: Hand axe          |    62 |       |       |       |       |       ||    62
       Headbutt          |    12 |    19 |    55 |   186 |   633 |    76 ||   981
       War axe           |    19 |    87 |       |       |   104 |       ||   210
       Whip              |       |    27 |   260 |   669 |  1992 |   249 ||  3197
       Punch             |       |     1 |     2 |     8 |     4 |       ||    15
 Fire: Triple crossbow   |       |       |       |       |    19 |       ||    19
Throw: Javelin           |       |       |       |    11 |    40 |     9 ||    60
Invok: Depart the Abyss  |     1 |       |     1 |       |       |       ||     2
       Corrupt           |       |       |       |     1 |       |       ||     1
       Banish            |       |       |       |       |     1 |       ||     1
Evoke: Wand              |       |     7 |     8 |    11 |    13 |       ||    39
  Use: Scroll            |     6 |     6 |     5 |     9 |    14 |     1 ||    41
       Potion            |     2 |     2 |       |     2 |    10 |       ||    16
Armor: Leather armour    |    27 |     8 |       |       |       |       ||    35
       Chain mail        |       |    50 |    84 |    45 |       |       ||   179
       Ice dragon scales |       |       |       |   139 |   457 |       ||   596
       Plate armour      |       |       |       |       |   377 |    96 ||   473
Dodge: Dodged            |    50 |    54 |    67 |   290 |   954 |    66 ||  1481
Block: Kite shield       |       |       |       |       |  1110 |   166 ||  1276
       Reflection        |       |       |       |       |    14 |    11 ||    25
       Other             |       |       |       |       |     4 |       ||     4

Table legend: (Time is in decaauts)
 A = Elapsed time spent in this place.
 B = Non-inter-level travel time spent in this place.
 C = Inter-level travel time spent in this place.
 D = Time resting spent in this place.
 E = Time spent auto-exploring this place.
 F = Levels seen in this place.
 G = Mean time per level.
                   A        B        C        D        E       F      G
               +--------+--------+--------+--------+--------+-----+--------+
         Total |  38109 |  36392 |   1717 |  10879 |  11938 |  30 | 1270.3 |
       Dungeon |  20485 |  19141 |   1344 |   4634 |   8078 |  15 | 1365.7 |
          Lair |  12149 |  11862 |    287 |   4700 |   3108 |   6 | 2024.8 |
         Swamp |    459 |    459 |      0 |      0 |      0 |   1 |  459.0 |
  Orcish Mines |   3440 |   3355 |     85 |    964 |    709 |   2 | 1720.0 |
         Abyss |    109 |    109 |      0 |      0 |      0 |   3 |   36.3 |
       Ossuary |    317 |    317 |      0 |     96 |      4 |   1 |  317.0 |
        Bailey |    583 |    583 |      0 |    315 |     38 |   1 |  583.0 |
      Gauntlet |    564 |    564 |      0 |    170 |      0 |   1 |  564.0 |
               +--------+--------+--------+--------+--------+-----+--------+

Top non-repeatable levels by time:
  Lair:6: 5754 daAuts
  Lair:5: 2070 daAuts
   Orc:1: 1968 daAuts
     D:8: 1897 daAuts
     D:7: 1858 daAuts
    D:15: 1713 daAuts
     D:3: 1710 daAuts
  Lair:4: 1699 daAuts
    D:11: 1496 daAuts
    D:12: 1482 daAuts
   Orc:2: 1472 daAuts
     D:4: 1352 daAuts
     D:9: 1312 daAuts
     D:6: 1299 daAuts
    D:14: 1247 daAuts
